 Dungeon Crawl Stone Soup version 0.30-a0-1043-g60ff8d5f49 (webtiles) character file.

Game seed: 15103359825207346442

2513 Pimp the Cleaver (level 9, -3/81 HPs)
             Began as a Hill Orc Fighter on Apr 10, 2023.
             Was an Initiate of Sif Muna.
             Slain by Prince Ribbit (10 damage)
             ... on level 6 of the Dungeon.
             The game lasted 00:13:50 (6265 turns).

Pimp the Cleaver (Hill Orc Fighter)                 Turns: 6265, Time: 00:13:50

Health: -3/81      AC: 16    Str: 21    XL:     9   Next: 53%
Magic:  9/9        EV:  7    Int: 10    God:    Sif Muna [......]
Gold:   1107       SH:  5    Dex: 10    Spells: 8/8 levels left

rFire   . . .      SeeInvis .    a - +1 war axe
rCold   . . .      Faith    .    c - +0 buckler
rNeg    . . .      Spirit   .    h - +0 plate armour
rPois   .          Reflect  .    i - +2 helmet
rElec   .          Rampage  .    (no cloak)
rCorr   .                        (no gloves)
Will    .....                    (no boots) Stlth
                                 (no amulet)
HPRegen 0.33/turn                (no ring)
MPRegen 0.11/turn                (no ring)

@: mighty, attractive
A: no striking features
a: Renounce Religion


You were on level 6 of the Dungeon.
You worshipped Sif Muna.
Sif Muna was noncommittal.
You visited 2 branches of the dungeon, and saw 7 of its levels.

You collected 1107 gold pieces.

Inventory:

Hand Weapons
 a - a +1 war axe (weapon)
Armour
 b - a +0 scale mail
 c - a +0 buckler (worn)
 h - a +0 plate armour (worn)
 i - a +2 helmet (worn)
 l - the +0 helmet of Refuge {Harm Will+ Str+3}
   (You found it on level 6 of the Dungeon)

   Str:       It affects your strength (+3).
   Harm:      It increases damage dealt and taken.
   Will:      It increases your willpower.
Scrolls
 d - a scroll of enchant armour
 g - a scroll of identify
 j - a scroll of fog


   Skills:
 + Level 7.9 Fighting
 + Level 8.1 Axes
 + Level 7.3 Armour
 + Level 3.5 Dodging
 + Level 7.2 Shields


You had 8 spell levels left.
You didn't know any spells.
Your spell library contained the following spells:

 Spells                   Type           Power      Damage    Failure   Level
 Kiss of Death            Conj/Necr      0%         2d5       100%        1
 Magic Dart               Conj           0%         1d3       100%        1
 Call Imp                 Summ           0%         N/A       100%        2
 Lesser Beckoning         Tloc           0%         N/A       100%        2
 Poisonous Vapours        Pois/Air       0%         N/A       100%        2
 Confusing Touch          Hex            0%         N/A       100%        3
 Gell's Gravitas          Tloc           0%         N/A       100%        3
 Mephitic Cloud           Conj/Pois/Air  0%         N/A       100%        3
 Teleport Other           Tloc           0%         N/A       100%        3
 Dispel Undead            Necr           0%         3d6       100%        4
 Freezing Cloud           Conj/Ice/Air   0%         6-21      100%        5


Dungeon Overview and Level Annotations

Branches:
Dungeon (6/15)             Temple (1/1) D:6

Altars:
Cheibriados
Dithmenos
Fedhas
Gozag
Kikubaaqudgha
Makhleb
Nemelex Xobeh
Okawaru
Ru
Sif Muna
Uskayaw
Vehumet
Wu Jian
Xom
Zin
The Shining One

Annotations:
D:6 Prince Ribbit


Message History

The iguana bites you but does no damage.
Prince Ribbit closely misses you.
You closely miss Prince Ribbit.
Prince Ribbit is heavily wounded.
You hit the iguana. Prince Ribbit closely misses you.
You block the iguana's attack.
You barely miss Prince Ribbit.
Prince Ribbit is heavily wounded.
You slash the iguana! Prince Ribbit hits you! You block the iguana's attack.
Prince Ribbit hits you.
You miss Prince Ribbit.
Prince Ribbit is heavily wounded.
You barely miss the iguana. Prince Ribbit hits you.
* * * LOW HITPOINT WARNING * * *
The iguana barely misses you.
Prince Ribbit hits you but does no damage.
You feel very mighty all of a sudden.
The iguana bites you but does no damage.
Prince Ribbit barely misses you.
It was a potion of attraction.
You feel attractive to monsters. Prince Ribbit hits you.
* * * LOW HITPOINT WARNING * * *
You block the iguana's attack.
Okay, then.
You closely miss Prince Ribbit.
Prince Ribbit is heavily wounded.
You barely miss the iguana.
Prince Ribbit blinks!
The iguana bites you.
* * * LOW HITPOINT WARNING * * *
Prince Ribbit is attracted toward you. The iguana attacks as you move away!
The iguana bites you!
* * * LOW HITPOINT WARNING * * *
Prince Ribbit blinks!
Prince Ribbit is attracted toward you.
You slash the iguana!
You kill the iguana!
Sif Muna accepts your kill.
You completely miss Prince Ribbit.
Prince Ribbit is heavily wounded.
You block Prince Ribbit's attack. Prince Ribbit hits you!
You die...

....# #...##........### ....#
#....##.....##### ..<.#
#..§..##......... ..>.#
#......####...... ....#
#.......####..... ....#
#........# ###... ....#
#........# #.#..
....##############§....# ##...
..........#.....@F.....# ####....
..........#....#.......# #.#.....
..........#....#.....§..###......
..........#....#.......#.#.......
...............+........##8......
.....>...8.8.8.#######.####....##
..........⌠.⌠..##..#....##.#..##.
......)..8.>.8.....#.............
..........⌠.⌠......#....#.#.#'###


You could see Prince Ribbit.

Vanquished Creatures
  Pikel (D:5)
  Grinder (D:3)
  A steam dragon (D:6)
  2 black bears
  2 ogres (D:5)
  An ice beast (D:6)
  A centaur (D:6)
  2 phantoms
  Blork the orc (D:6)
  3 bullfrogs
  2 scorpions (D:5)
  A jelly (D:6)
  3 hounds
  An orc priest (D:5)
  2 orc wizards (D:5)
  3 iguanas
  4 sleepcaps
  8 adders
  8 gnolls
  A white imp (D:5)
  An ufetubus (D:5)
  2 worms
  2 dart slugs
  12 orcs
  5 bats
  9 endoplasms
  2 giant cockroaches
  16 goblins
  9 hobgoblins
  6 jackals
  4 quokkas
  3 ball pythons
  5 frilled lizards
  5 kobolds
  6 rats
135 creatures vanquished.

Vanquished Creatures (collateral kills)
  A gnoll bouda (D:5)
1 creature vanquished.

Vanquished Creatures (others)
  A goblin (D:1)
  A fungus (D:1)
  10 plants (D:1)
12 creatures vanquished.

Grand Total: 148 creatures vanquished

Notes
Turn   | Place    | Note
-------+----------+-------------------------------------------
     0 | D:1      | Pimp the Hill Orc Fighter began the quest for the Orb.
     0 | D:1      | Reached XP level 1. HP: 19/19 MP: 1/1
   185 | D:1      | Reached skill level 3 in Axes
   185 | D:1      | Reached XP level 2. HP: 27/27 MP: 2/2
   186 | D:1      | Found a faded altar of an unknown god.
   428 | D:1      | Reached XP level 3. HP: 26/33 MP: 3/3
  1816 | D:3      | Reached XP level 4. HP: 40/40 MP: 4/4
  1823 | D:3      | Noticed Grinder
  2139 | D:3      | Paralysed by Grinder for 5 turns
  2147 | D:3      | Killed Grinder
  2148 | D:3      | Reached skill level 5 in Fighting
  2148 | D:3      | Reached skill level 4 in Axes
  2148 | D:3      | Reached XP level 5. HP: 8/48 MP: 5/5
  2148 | D:3      | Reached XP level 6. HP: 9/56 MP: 6/6
  2872 | D:4      | Reached skill level 5 in Axes
  2974 | D:4      | Reached skill level 5 in Shields
  3023 | D:4      | Reached skill level 5 in Armour
  3277 | D:4      | Noticed a black bear
  3287 | D:4      | Killed a black bear
  3288 | D:4      | Reached XP level 7. HP: 56/62 MP: 7/7
  3703 | D:5      | Entered Level 5 of the Dungeon
  3723 | D:5      | Reached skill level 1 in Dodging
  3904 | D:5      | Reached skill level 6 in Axes
  4016 | D:5      | Reached XP level 8. HP: 70/70 MP: 8/8
  4288 | D:5      | Noticed Pikel
  4317 | D:5      | Killed Pikel
  4318 | D:5      | Reached skill level 7 in Axes
  4857 | D:5      | Reached XP level 9. HP: 72/79 MP: 9/9
  5348 | D:6      | Noticed Blork the orc
  5355 | D:6      | Killed Blork the orc
  5688 | D:6      | Reached skill level 8 in Axes
  5871 | D:6      | Identified the +0 helmet of Refuge {Harm Will+ Str+3}
  5903 | D:6      | Identified a scroll of acquirement
  5903 | D:6      | Acquired 870 gold pieces
  5949 | D:6      | Found a staircase to the Ecumenical Temple.
  5961 | Temple   | Entered the Ecumenical Temple
  6151 | Temple   | Became a worshipper of Sif Muna the Loreminder
  6247 | D:6      | Noticed Prince Ribbit
  6265 | D:6      | Slain by Prince Ribbit

Illustrated notes

Levels and vault maps discovered:
D:1:      evilmike_arrival_rings, layout_basic,
          shapermc_ecumenical_altar_mp_ritualfount, serial_rivers,
          chequers_serial_rivers_micro_e, chequers_serial_rivers_micro_e,
          chequers_serial_rivers_micro_a, chequers_serial_rivers_large_a,
          chequers_serial_rivers_room_b, chequers_serial_rivers_micro_b,
          serial_park_tiny_pond
D:2:      layout_basic, minmay_box_of_dots
D:3:      layout_basic, uniq_grinder
D:4:      layout_cave_pods
D:5:      layout_loops_corners, grunt_ministairs_9, dk_noncrumbling_4,
          minmay_ogre_servants, uniq_pikel
D:6:      hellmonk_crumbling_castle, layout_gridville,
          gammafunk_temple_overflow_statue,
          minmay_temple_entry_statues_fountains, uniq_blork_the_orc,
          uniq_menkaure, uniq_prince_ribbit1
Temple:   regret_index_temple_sphere_string

Skill      XL: |  1  2  3  4  5  6  7  8  9 |
---------------+----------------------------+-----
Axes           | 3 4 5 6 7 8 |  8.1
Fighting       | 4 5 6 7 |  7.9
Shields        | 4 5 6 7 |  7.2
Armour         | 4 5 6 7 |  7.3
Dodging        | 1 2 3 |  3.5

Action                     |  1- 3 |  4- 6 |  7- 9 || total
---------------------------+-------+-------+-------++-------
  Melee: War axe           |   109 |   121 |   261 ||   491
    Use: Scroll            |       |    10 |     4 ||    14
         Potion            |       |     5 |     6 ||    11
 Armour: Scale mail        |    21 |       |       ||    21
         Plate armour      |    43 |    77 |   210 ||   330
  Dodge: Dodged            |    46 |    41 |    93 ||   180
  Block: Buckler           |    24 |    41 |    82 ||   147

Table legend: (Time is in decaauts)
 A = Elapsed time spent in this place.
 B = Non-inter-level travel time spent in this place.
 C = Inter-level travel time spent in this place.
 D = Time resting spent in this place.
 E = Time spent auto-exploring this place.
 F = Levels seen in this place.
 G = Mean time per level.
                   A        B        C        D        E       F      G
               +--------+--------+--------+--------+--------+-----+--------+
         Total |   6409 |   6207 |    202 |    593 |   4312 |   7 |  915.6 |
       Dungeon |   6203 |   6038 |    165 |    593 |   4159 |   6 | 1033.8 |
        Temple |    206 |    169 |     37 |      0 |    153 |   1 |  206.0 |
               +--------+--------+--------+--------+--------+-----+--------+

Top non-repeatable levels by time:
     D:5: 1402 daAuts
     D:3: 1270 daAuts
     D:6: 997 daAuts
     D:1: 952 daAuts
     D:4: 911 daAuts
     D:2: 668 daAuts
  Temple: 206 daAuts
